cohdb
Replays
Latest Replays
All Replays
Popular Replays
Top Player Replays
Match Explorer
How It Works
Community
CoH3 Stats
Reddit
Sign in to upload your games and track your stats! →
Sign in with Steam
Match 43845690
Unlisted
Match 43845690
Overview
Messages
Build Orders
End
Royal Engineer Section
Selects Canadian Shock Battlegroup
Vickers Machine Gun Team
Construct Section Command Post
ML 3-inch Mortar Team
Construct Field Infirmary
Infantry Section
Construct Platoon Command Post
Selects Incendiary Munitions
Selects Attacking Spirit
Selects Canadian Shock Section
Unlock M3 Stuart Light Tanks
Grenade Package
Canadian Shock Section
M3 Stuart Light Tank
Construct Company Command Post
Canadian Shock Section
Foot Guards Section
Selects Pyrotechnics
6-pounder Anti-tank Gun Team
Matilda II Heavy Tank
Vickers Machine Gun Team
3d3lw3iSS
joonsybro
xXx-Niki523-xXx
Grongolock
BUY BKB ON CORES NOOBS
pejgamber
0
0
Comments
sign in to comment!
No comments posted yet!